 Dungeon Crawl Stone Soup version 0.31-a0-222-gefeffbb62a (webtiles) character file.

Game seed: 8805618656958498401

252 funkygono the Chopper (level 5, -10/47 HPs)
             Began as a Minotaur Fighter on July 4, 2023.
             Killed by nerve-wracking pain
             ... invoked by an orc priest
              (13 damage)
             ... on level 3 of the Dungeon on July 5, 2023.
             The game lasted 00:03:13 (2330 turns).

funkygono the Chopper (Minotaur Fighter)            Turns: 2330, Time: 00:03:14

Health: -10/47     AC: 10    Str: 23    XL:     5   Next: 89%
Magic:  4/4        EV:  9    Int:  5    God:
Gold:   129        SH:  4    Dex:  9    Spells: 4/4 levels left

rFire   . . .        a - +0 war axe
rCold   . . .        c - +0 buckler
rNeg    . . .        b - +0 scale mail
rPois   .            (helmet restricted)
rElec   .            s - +2 cloak
rCorr   .            (no gloves)
SInv    .            (no boots)
Will    .....        (no amulet) Stlth
                     (no ring)
HPRegen 0.27/turn    (no ring)
MPRegen 0.09/turn

%: no passive effects
@: no status effects
A: horns 2, retaliatory headbutt
a: no special abilities


You were on level 3 of the Dungeon.
You visited 1 branch of the dungeon, and saw 3 of its levels.

You collected 129 gold pieces.

Inventory:

Hand Weapons
 a - a +0 war axe (weapon)
Missiles
 g - 12 poisoned darts
Armour
 b - a +0 scale mail (worn)
 c - a +0 buckler (worn)
 s - a +2 cloak (worn)
Wands
 h - a wand of flame (14)
 k - a wand of charming (9)
Scrolls
 e - a scroll of torment {unknown}
 j - a scroll of immolation {unknown}
 l - a scroll of noise {unknown}
 m - a scroll of teleportation {unknown}
 n - a scroll of enchant armour {unknown}
Potions
 d - a potion of might
 f - a potion of degeneration {unknown}
 i - 2 potions of cancellation {unknown}
 o - a potion of lignification {unknown}
 p - a potion of heal wounds {unknown}
 q - a potion of berserk rage {unknown}
 r - a potion of ambrosia {unknown}


   Skills:
 + Level 4.9 Fighting
 + Level 5.1 Axes
 + Level 5.0 Armour
 + Level 0.7 Dodging
 + Level 0.1 Stealth
 + Level 4.1 Shields


You had 4 spell levels left.
You didn't know any spells.
Your spell library contained the following spells:

 Spells                   Type           Power      Damage    Failure   Level
 Summon Small Mammal      Summ           0%         N/A       83%         1
 Call Canine Familiar     Summ           0%         N/A       99%         3
 Summon Guardian Golem    Hex/Summ       0%         N/A       99%         3
 Animate Dead             Necr           0%         N/A       100%        4
 Haunt                    Necr/Summ      0%         N/A       100%        7
 Infestation              Necr           0%         N/A       100%        8


Dungeon Overview and Level Annotations

Branches:
Dungeon (3/15)

Altars:


Innate Abilities, Weirdness & Mutations

You have a pair of horns on your head.
You reflexively headbutt those who attack you in melee.


Message History

The orc priest barely misses you. You furiously retaliate!
You headbutt the orc priest! The orc closely misses you.
The orc priest barely misses you. The orc closely misses you.
The orc priest calls down the wrath of Beogh upon you.
Beogh smites you!
The orc priest hits you but does no damage.
The orc priest hits you with a +0 dagger.
You hit the orc priest.
The orc priest is moderately wounded.
You closely miss the orc priest. You slash the orc!
You kill the orc!
The orc priest hits you but does no damage.
The orc priest barely misses you.
Unknown command.
You slash the orc priest!
You kill the orc priest!
You closely miss the orc priest.
The orc priest looks satisfied for a moment.
The orc priest calls down the wrath of Beogh upon you.
Beogh smites you!
Your Axes skill increases to level 5!
You slash the orc priest!
You kill the orc priest!
The orc priest calls down the wrath of Beogh upon you.
Pain shoots through your body!
* * * LOW HITPOINT WARNING * * *
A ball python comes into view.
Your Armour skill increases to level 5!
The ball python hisses angrily.
The orc priest mumbles some strange prayers to Beogh against you.
Pain shoots through your body!
* * * LOW HITPOINT WARNING * * *
You hit the orc priest.
The orc priest is lightly wounded.
The orc priest hits you but does no damage.
You hit the orc priest but do no damage.
The orc priest is lightly wounded.
The orc priest calls down the wrath of Beogh upon you.
Pain shoots through your body!
You die...

....o....#.### ....
....#####....# ?..
...Jo......... # ###.#...
#..###J#.##.# #=##.$....# #..#
#o#.##.# #?#.... #S# #..#
#.#.##.# #...... #.# #..#
#o#.##.#
###.#...###o####..###.#.##..
.!........)@..##.....<......
####...^...>.)...............
#........)..................#
.##..#.##...#....#####.###.#
###.##.....#.....###### #.# #.#
......$........[.รท....###.#
#.#
.##.###........#.####.....###.#
#.......##.# #.........#
######..##.# #.....#####


You could see an orc priest and a ball python.

Vanquished Creatures
  2 orc priests (D:3)
  Crazy Yiuf (D:2)
  A sleepcap (D:3)
  Robin (D:2)
  3 gnolls (D:2)
  3 adders
  A worm (D:2)
  2 orcs (D:3)
  10 ball pythons
  5 endoplasms
  13 goblins
  7 hobgoblins
  4 kobolds
  3 quokkas
  3 bats
  3 frilled lizards
  2 rats
64 creatures vanquished.

Notes
Turn   | Place    | Note
-------+----------+-------------------------------------------
     0 | D:1      | funkygono the Minotaur Fighter began the quest for the Orb.
     0 | D:1      | Reached XP level 1. HP: 19/19 MP: 0/0
    16 | D:1      | Upgraded the game from 0.31-a0-221-gbddc013574 to
                  | 0.31-a0-222-gefeffbb62a
   114 | D:1      | Reached XP level 2. HP: 27/27 MP: 1/1
   772 | D:2      | You fall into a shaft and drop 1 floor!
   915 | D:3      | Reached XP level 3. HP: 34/34 MP: 2/2
  1125 | D:2      | Reached XP level 4. HP: 41/41 MP: 3/3
  1127 | D:2      | Noticed Robin
  1139 | D:2      | Killed Robin
  1398 | D:2      | Found a runed translucent door.
  1399 | D:2      | Noticed Crazy Yiuf
  1515 | D:2      | Reached XP level 5. HP: 21/47 MP: 4/4
  2130 | D:2      | Killed Crazy Yiuf
  2327 | D:3      | Reached skill level 5 in Axes
  2328 | D:3      | Reached skill level 5 in Armour
  2328 | D:3      | HP: 2/47 [orc priest/nerve-wracking pain (9)]
  2330 | D:3      | Killed from afar by an orc priest

Illustrated notes

Levels and vault maps discovered:
D:1:      onia_arrival_pentagram, layout_loops_ring, dk_noncrumbling_3
D:2:      layout_loops_ring, serial_bayou_lagoon_a, uniq_robin,
          uniq_crazy_yiuf_cottage
D:3:      layout_loops_ring, serial_shops, nicolae_shop_back_alley_shop,
          minivault_23

Skill      XL: |  1  2  3  4  5 |
---------------+----------------+-----
Fighting       | 4 |  4.9
Armour         | 4 5 |  5.0
Axes           | 3 4 5 |  5.1
Shields        | 4 |  4.1
Dodging        | |  0.7
Stealth        | |  0.1

Action                     |  1- 3 |  4- 6 || total
---------------------------+-------+-------++-------
  Melee: War axe           |    55 |   106 ||   161
         Headbutt          |    10 |    19 ||    29
 Armour: Scale mail        |    18 |    27 ||    45
  Dodge: Dodged            |    32 |    33 ||    65
  Block: Buckler           |    10 |    11 ||    21

Table legend: (Time is in decaauts)
 A = Elapsed time spent in this place.
 B = Non-inter-level travel time spent in this place.
 C = Inter-level travel time spent in this place.
 D = Time resting spent in this place.
 E = Time spent auto-exploring this place.
 F = Levels seen in this place.
 G = Mean time per level.
                   A        B        C        D        E       F      G
               +--------+--------+--------+--------+--------+-----+--------+
         Total |   2408 |   2346 |     62 |      2 |   1777 |   3 |  802.7 |
       Dungeon |   2408 |   2346 |     62 |      2 |   1777 |   3 |  802.7 |
               +--------+--------+--------+--------+--------+-----+--------+

Top non-repeatable levels by time:
     D:2: 1379 daAuts
     D:1: 781 daAuts
     D:3: 246 daAuts
